 Dungeon Crawl Stone Soup version 0.27.0-1-g7a089689b8 (webtiles) character file.

Game seed: 14476108279153360427

66 gimp the Ducker (level 3, 0/18 HPs)
             Began as a Spriggan Transmuter on Aug 11, 2021.
             Slain by a centaur skeleton (2 damage)
             ... on level 3 of the Dungeon.
             The game lasted 00:06:49 (3629 turns).

gimp the Ducker (Spriggan Transmuter)               Turns: 3629, Time: 00:06:49

Health: 0/18       AC:  2    Str:  6    XL:     3   Next: 96%
Magic:  7/8        EV: 18    Int: 14    God:
Gold:   95         SH:  0    Dex: 16    Spells: 6/7 levels left

rFire    . . .     SeeInvis +   b - +0 dagger
rCold    . . .     Faith    .   (shield restricted)
rNeg     . . .     Spirit   .   a - +0 robe
rPois    .         Reflect  .   (helmet currently unavailable)
rElec    .         Harm     .   (no cloak)
rCorr    .         Rampage  .   (gloves unavailable)
Will     .....                  (boots unavailable)
Stlth    +++.......             (no amulet)
HPRegen  0.06/turn              (no ring)
MPRegen  0.11/turn              (no ring)

@: appendages, very quick
A: horns 2, talons 2, very small, no large weapons, unfitting armour, see
invisible, speed 3
a: End Transformation


You were on level 3 of the Dungeon.
You had temporarily grown beastly horns and talons.
You visited 1 branch of the dungeon, and saw 3 of its levels.

You collected 95 gold pieces.

Inventory:

Hand Weapons
 b - a +0 dagger (weapon)
Missiles
 c - 29 poisoned darts
 j - 7 datura-tipped darts
 l - 8 curare-tipped darts (quivered)
Armour
 a - a +0 robe (worn)
Scrolls
 d - a scroll of brand weapon {unknown}
 e - a scroll of fog {unknown}
 h - a scroll of identify {unknown}
 k - a scroll of magic mapping {unknown}
Potions
 f - 2 potions of cancellation {unknown}
 g - a potion of magic {unknown}
 i - a potion of curing {unknown}


   Skills:
 + Level 1.4 Fighting
 * Level 4.1 Dodging
 * Level 3.5 Stealth
 - Level 2.4 Unarmed Combat
 - Level 2.6 Spellcasting
 - Level 2.6 Transmutations


You had 6 spell levels left.
You knew the following spells:

 Your Spells              Type           Power      Damage    Failure   Level
a - Beastly Appendage     Tmut           18%        N/A       8%          1

Your spell library contained the following spells:

 Spells                   Type           Power      Damage    Failure   Level
 Wereblood                Tmut           9%         N/A       11%         2
 Foxfire                  Conj/Fire      4%         2x1d4     22%         1
 Spider Form              Tmut/Pois      2%         N/A       36%         3
 Conjure Flame            Conj/Fire      1%         6-21      54%         3
 Inner Flame              Hex/Fire       1%         N/A       54%         3
 Ice Form                 Ice/Tmut       5%         N/A       77%         4


Dungeon Overview and Level Annotations

Branches:
Dungeon (3/15)

Altars:


Innate Abilities, Weirdness & Mutations

You have temporarily grown beastly horns and talons.
You are very small and have problems with some larger weapons.
You are too small for most types of armour.
You have supernaturally acute eyesight. (SInv)
You cover ground extremely quickly. (Speed+++)


Message History

The centaur skeleton closely misses you.
The centaur skeleton kicks you.
You take 5 damage, and have 6/18 hp.
MASSIVE DAMAGE!!
You are too injured to fight recklessly!
You are too injured to fight recklessly!
Your horns disappear.
Your talons disappear.
There is a stone staircase leading up here.
You climb upwards.
There is a stone staircase leading down here.
You start resting.
HP restored.
Health restored: 18
Casting: Beastly Appendage (safe; 8% risk of failure)
Confirm with . or Enter, or press ? or * to list all spells.
You grow a pair of large bovine horns.
Your feet morph into talons.
You now have 7/8 mp.
You climb downwards.
The centaur skeleton completely misses you.
The centaur skeleton kicks you. The centaur skeleton hits you.
The centaur skeleton closely misses you.
There is a stone staircase leading up here.
You take 4 damage, and have 14/18 hp.
MASSIVE DAMAGE!!
You hit the centaur skeleton.
The centaur skeleton is severely damaged.
The centaur skeleton hits you.
The centaur skeleton completely misses you.
You take 3 damage, and have 11/18 hp.
You hit the centaur skeleton.
The centaur skeleton is severely damaged.
The centaur skeleton hits you.
The centaur skeleton closely misses you.
The centaur skeleton completely misses you.
The centaur skeleton kicks you.
You take 4 damage, and have 7/18 hp.
MASSIVE DAMAGE!!
You are too injured to fight recklessly!
You are too injured to fight recklessly!
The centaur skeleton hits you.
* * * LOW HITPOINT WARNING * * *
The centaur skeleton kicks you.
You die...

#.##.....#
#.##.....# .
#.##.....# ..
#.##.....#
#.##........##..
#...............
#.......######..
#.....Z.#
#.....@.+
#.......#
#.........
#.#.#......#
#.#.#......# #
#.#......#
#......#
#......#


You could see a centaur skeleton.

Vanquished Creatures
  2 adders (D:2)
  A dart slug (D:2)
  4 endoplasms
  2 giant cockroaches (D:1)
  3 goblins
  3 hobgoblins
  9 kobolds
  4 quokkas
  6 ball pythons
  4 bats
  2 frilled lizards (D:2)
  2 rats
42 creatures vanquished.

Notes
Turn   | Place    | Note
-------+----------+-------------------------------------------
     0 | D:1      | gimp the Spriggan Transmuter began the quest for the Orb.
     0 | D:1      | Reached XP level 1. HP: 9/9 MP: 5/5
   249 | D:1      | Reached skill level 1 in Stealth
   415 | D:1      | Reached skill level 3 in Dodging
   534 | D:1      | Reached skill level 1 in Fighting
   556 | D:1      | Reached XP level 2. HP: 13/14 MP: 6/6
  1452 | D:1      | Found a faded altar of an unknown god.
  1687 | D:1      | You fall into a shaft and drop 1 floor!
  2303 | D:2      | Reached XP level 3. HP: 18/18 MP: 6/8
  2925 | D:2      | Reached skill level 4 in Dodging
  3629 | D:3      | Slain by a centaur skeleton

Illustrated notes

Levels and vault maps discovered:
D:1:      psy_arrival_conway, layout_basic, ebering_ecumenical_altar_box,
          corexii_hall_statues_l
D:2:      layout_basic
D:3:      layout_basic, okawaru_metal_pillars_1_2, minmay_misc_feat_room,
          uniq_robin

Skill      XL: |  1  2  3 |
---------------+----------+-----
Stealth        | 1 2 3 |  3.5
Dodging        | 3 4 |  4.1
Fighting       | 1 |  1.4
Unarmed Combat | |  2.4
Spellcasting   | |  2.6
Transmutations | |  2.6

Action                   || total
-------------------------++-------
Melee: Dagger            ||   204
       Unarmed           ||    10
       Kick              ||    29
       Headbutt          ||    13
       Punch             ||     1
Throw: Dart              ||     1
 Cast: Beastly Appendage ||    27
 Stab: Sleeping          ||     6
Armor: Robe              ||    23
Dodge: Dodged            ||   177
